 Dungeon Crawl Stone Soup version 0.27-a0-1139-g28e009f8a6 (console) character file.

Game seed: 8610141190019057224

4 Morrissey the Slasher (level 1, 0/18 HPs)
             Began as a Minotaur Gladiator on May 8, 2021.
             Slain by a goblin
             ... wielding a +0 club
              (2 damage)
             ... on level 1 of the Dungeon.
             The game lasted 00:00:14 (46 turns).

Morrissey the Slasher (Minotaur Gladiator)            Turns: 46, Time: 00:00:15

Health: 0/18       AC:  3    Str: 18    XL:     1   Next: 58%
Magic:  0/0        EV: 12    Int:  5    God:
Gold:   0          SH:  0    Dex: 11    Spells: 0/0 levels left

rFire    . . .     SeeInvis .   a - +0 long sword
rCold    . . .     Faith    .   (no shield)
rNeg     . . .     Spirit   .   b - +0 leather armour
rPois    .         Reflect  .   c - +0 hat
rElec    .         Harm     .   (no cloak)
rCorr    .         Rampage  .   (no gloves)
Will     .....                  (no boots)
Stlth    +.........             (no amulet)
HPRegen  0.06/turn              (no ring)
MPRegen  0.07/turn              (no ring)

@: no status effects
A: horns 2, retaliatory headbutt
a: no special abilities


You were on level 1 of the Dungeon.
You visited 1 branch of the dungeon, and saw 1 of its levels.

Inventory:

Hand Weapons
 a - a +0 long sword (weapon)
Missiles
 d - 3 throwing nets (quivered)
Armour
 b - a +0 leather armour (worn)
 c - a +0 hat (worn)


   Skills:
 + Level 2.5 Fighting
 * Level 3.8 Long Blades
 - Level 2.0 Throwing
 * Level 0.6 Armour
 + Level 3.3 Dodging


You couldn't memorise any spells.
You didn't know any spells.
Your spell library was empty.

Dungeon Overview and Level Annotations

Branches:
Dungeon (1/15)

Altars:


Innate Abilities, Weirdness & Mutations

You have a pair of horns on your head.
You reflexively headbutt those who attack you in melee.


Message History

The kobold shouts!
The kobold throws a stone.
The stone hits you.
The kobold throws a stone.
The stone closely misses you. The kobold closely misses you.
You riposte.
You hit the kobold but do no damage. Your headbutt misses the kobold.
You closely miss the kobold. You headbutt the kobold.
You kill the kobold!
The kobold throws a stone.
The stone hits you but does no damage.
A goblin comes into view. It is wielding a +0 club.
The kobold closely misses you. You furiously retaliate!
You headbutt the kobold.
You riposte.
You closely miss the kobold.
The kobold is heavily wounded.
Things that are here:
a +0 whip; a stone You closely miss the kobold.
The kobold is heavily wounded.
The goblin shouts!
The kobold hits you with a +0 whip. x2
* * * LOW HITPOINT WARNING * * *
You closely miss the kobold.
The kobold is heavily wounded.
The kobold hits you with a +0 whip.
* * * LOW HITPOINT WARNING * * *
You closely miss the kobold.
The kobold is heavily wounded.
The kobold barely misses you.
You are too injured to fight recklessly!
You are too injured to fight recklessly!
You hit the kobold.
You kill the kobold!
The goblin closely misses you.
Things that are here:
a +0 whip; 3 stones You closely miss the goblin.
Your headbutt misses the goblin. The goblin hits you with a +0 club.
* * * LOW HITPOINT WARNING * * *
You closely miss the goblin. The goblin hits you with a +0 club.
* * * LOW HITPOINT WARNING * * *
The goblin hits you with a +0 club.
You die...

#.#<.#.# .#
#.####.##.###.#
#.........##..
#######...##..
##.####.. #..#
#.#
##.###.#####.#
............#g#
..#.#######.#@#
#†#)# #.#.#
#.#.#
#.#.#.#####
#.........#
#..........#
#.##.#####.# #.
#.# #


You could see a goblin.

Vanquished Creatures
  A bat (D:1)
  2 kobolds (D:1)
  A rat (D:1)
4 creatures vanquished.

Notes
Turn   | Place    | Note
-------+----------+-------------------------------------------
     0 | D:1      | Morrissey the Minotaur Gladiator began the quest for the
                  | Orb.
     0 | D:1      | Reached XP level 1. HP: 18/18 MP: 0/0
    46 | D:1      | Slain by a goblin

Illustrated notes

Levels and vault maps discovered:
D:1:      zelgadis_glass_arrival_small, layout_loops_ring, dk_noncrumbling_4,
          grunt_decor_fettered

Action                   || total
-------------------------++-------
Melee: Long sword        ||    10
       Headbutt          ||     3
Armor: Leather armour    ||     1
Dodge: Dodged            ||     8
       Rpst.: Long sword ||     3

Table legend: (Time is in decaauts)
 A = Elapsed time spent in this place.
 B = Non-inter-level travel time spent in this place.
 C = Inter-level travel time spent in this place.
 D = Time resting spent in this place.
 E = Time spent auto-exploring this place.
 F = Levels seen in this place.
 G = Mean time per level.
                   A        B        C        D        E       F      G
               +--------+--------+--------+--------+--------+-----+--------+
         Total |     48 |     48 |      0 |      0 |     23 |   1 |   48.0 |
       Dungeon |     48 |     48 |      0 |      0 |     23 |   1 |   48.0 |
               +--------+--------+--------+--------+--------+-----+--------+

Top non-repeatable levels by time:
     D:1: 48 daAuts
